 Dungeon Crawl Stone Soup version 0.31-a0-750-gfe7b580527 (webtiles) character file.

Game seed: 10994812705989136025

108 cforsyth the Trooper (level 5, -3/42 HPs)
             Began as a Djinni Delver on Sept 15, 2023.
             Slain by a scorpion (6 damage)
             ... on level 4 of the Dungeon.
             The game lasted 00:00:56 (409 turns).

cforsyth the Trooper (Djinni Delver)                 Turns: 409, Time: 00:00:57

Health: -3/42      AC:  3    Str: 11    XL:     5   Next: 12%
Gold:   13         EV: 12    Int: 14    God:
                   SH:  0    Dex: 14

rFire   + + .        a - +0 falchion
rCold   x . .        (no shield)
rNeg    . . .        b - +0 leather armour
rPois   ∞            (no helmet)
rElec   .            (no cloak)
rCorr   .            (no gloves)
SInv    .            (boots unavailable)
Will    .....        (no amulet)
Stlth   ++           (no ring)
HPRegen 0.27/turn    (no ring)
MPRegen 0.00/turn

%: infuse magic (-4 HP)
@: flying
A: sickness immunity, fire resistance 2, cold vulnerability 1, float, innate
caster, HP casting, extra vitality 1
a: no special abilities


You were on level 4 of the Dungeon.
You visited 1 branch of the dungeon, and saw 2 of its levels.

You collected 13 gold pieces.

Inventory:

Hand Weapons
 a - a +0 falchion (weapon)
Armour
 b - a +0 leather armour (worn)
Wands
 g - a wand of digging (3)
Scrolls
 c - a scroll of fog
 d - a scroll of revelation
Potions
 f - a potion of haste


   Skills:
 + Level 4.3 Fighting
 - Level 1.7 Long Blades
 - Level 2.1 Dodging
 - Level 4.1 Stealth
 + Level 2.0 Spellcasting
 + Level 2.0 Conjurations
 + Level 2.0 Hexes
   Level 0.0 Charms
 + Level 2.0 Summonings
 + Level 2.0 Necromancy
 + Level 2.0 Translocations
 + Level 2.0 Transmutations
 + Level 2.0 Fire Magic
 + Level 2.0 Ice Magic
 + Level 2.0 Air Magic
 + Level 2.0 Earth Magic
 + Level 2.0 Poison Magic


You knew the following spells:

 Your Spells              Type           Power      Damage    Failure   Level
a - Apportation           Tloc           14%        N/A       13%         1
b - Passwall              Tmut/Erth      5%         N/A       21%         2
Your spell library was empty.

Dungeon Overview and Level Annotations

Branches:
Dungeon (5/15)
 Temple: D:4-7

Altars:
Gozag
The Shining One


Innate Abilities, Weirdness & Mutations

You are immune to sickness and miasma.
You are immune to poison.
Your flesh is very heat resistant. (rF++)
You are vulnerable to cold. (rC-)
You float through the air rather than walking.
You learn spells naturally, not from books.
Your magical power is your life essence.
You have superior vitality. (+4 MHP)


Message History

The scorpion is lightly wounded.
The scorpion barely misses you. The scorpion misses you.
You barely miss the scorpion.
The scorpion is lightly wounded.
The scorpion barely misses you.
As you read the scroll of fear, it crumbles to dust.
You assume a fearsome visage.
The scorpion looks frightened!
You see here a scorpion corpse.
Found 2 gold pieces.
Found a gold piece and a scroll labelled MIFOSIMMOU.
Found a gold piece.
Found 2 gold pieces.
Found an opulent altar of Gozag.
Found a gold piece.
You now have 13 gold pieces (gained 1).
You start resting.
A scorpion is nearby!
You hit the scorpion.
The scorpion is lightly wounded.
The scorpion stings you.
* * * LOW HITPOINT WARNING * * *
The scorpion barely misses you.
You barely miss the scorpion.
The scorpion is lightly wounded.
The scorpion stings you.
* * * LOW HITPOINT WARNING * * *
You barely miss the scorpion.
The scorpion is lightly wounded.
The scorpion barely misses you. x2
You hit the scorpion.
The scorpion is heavily wounded.
The scorpion stings you but does no damage.
You hit the scorpion.
The scorpion is severely wounded.
The scorpion stings you but does no damage.
The scorpion stings you.
* * * LOW HITPOINT WARNING * * *
You hit the scorpion but do no damage.
The scorpion is severely wounded.
The scorpion stings you.
You die...

#<#.##..##.###.#
...............
..#.##..##...
#.#.##..##.######
..............†.#
..............######
..#..#..#####.##8_8#
#.#..#..# #..#$.$#
#....#... #..#@..#
.... ......##..##s##
#.# .#.#.........$.#
.....................
.?.......#.$.##...
.#.#.##..#.........
...........$..## #.
##.#.##..#....# ...
.....$..#


You could see a scorpion.

Vanquished Creatures
  A scorpion (D:4)
  A jelly (D:5)
  An iguana (D:4)
3 creatures vanquished.

Notes
Turn   | Place    | Note
-------+----------+-------------------------------------------
     0 | D:5      | cforsyth the Djinni Delver began the quest for the Orb.
     0 | D:5      | Reached XP level 1. HP: 20/20 MP: 0/0
    38 | D:5      | Found a glowing golden altar of the Shining One.
    47 | D:5      | Noticed a jelly
    53 | D:5      | HP: 1/20 [acid (1)]
    54 | D:5      | Killed a jelly
    55 | D:5      | Reached skill level 1 in Spellcasting
    55 | D:5      | Reached skill level 1 in Conjurations
    55 | D:5      | Reached skill level 1 in Hexes
    55 | D:5      | Reached skill level 1 in Summonings
    55 | D:5      | Reached skill level 1 in Necromancy
    55 | D:5      | Reached skill level 1 in Translocations
    55 | D:5      | Reached skill level 1 in Transmutations
    55 | D:5      | Reached skill level 1 in Fire Magic
    55 | D:5      | Reached skill level 1 in Ice Magic
    55 | D:5      | Reached skill level 1 in Air Magic
    55 | D:5      | Reached skill level 1 in Earth Magic
    55 | D:5      | Reached skill level 1 in Poison Magic
    55 | D:5      | Reached XP level 2. HP: 2/25 MP: 0/0
    55 | D:5      | Reached XP level 3. HP: 2/30 MP: 0/0
    55 | D:5      | Learned a level 1 spell: Apportation
   223 | D:5      | Noticed an ogre
   310 | D:4      | Reached XP level 4. HP: 12/37 MP: 0/0
   331 | D:4      | Noticed a scorpion
   339 | D:4      | Noticed a scorpion
   365 | D:4      | Killed a scorpion
   366 | D:4      | Reached XP level 5. HP: 6/42 MP: 0/0
   366 | D:4      | Learned a level 2 spell: Passwall
   381 | D:4      | Found an opulent altar of Gozag.
   409 | D:4      | Slain by a scorpion

Illustrated notes

Levels and vault maps discovered:
D:4:      layout_basic, grunt_gozag_breadcrumbs, uniq_sigmund,
          uniq_blork_the_orc
D:5:      layout_basic, tso_metal_star, lemuel_crystal_altar,
          grunt_temple_overflow_order_and_chaos_2, minmay_temple_entry_trees,
          grunt_decor_one_mirror

Skill      XL: |  1  2  3  4 |
---------------+-------------+-----
Spellcasting   | 1 2 |  2.0
Conjurations   | 1 2 |  2.0
Hexes          | 1 2 |  2.0
Summonings     | 1 2 |  2.0
Necromancy     | 1 2 |  2.0
Translocations | 1 2 |  2.0
Transmutations | 1 2 |  2.0
Fire Magic     | 1 2 |  2.0
Ice Magic      | 1 2 |  2.0
Air Magic      | 1 2 |  2.0
Earth Magic    | 1 2 |  2.0
Poison Magic   | 1 2 |  2.0
Fighting       | 4 |  4.3
Long Blades    | |  1.7
Dodging        | |  2.1
Stealth        | |  4.1

Action                     |  1- 3 |  4- 6 || total
---------------------------+-------+-------++-------
  Melee: Falchion          |    20 |    24 ||    44
    Use: Scroll            |       |     1 ||     1
 Armour: Leather armour    |     9 |    18 ||    27
  Dodge: Dodged            |    12 |    17 ||    29

Table legend: (Time is in decaauts)
 A = Elapsed time spent in this place.
 B = Non-inter-level travel time spent in this place.
 C = Inter-level travel time spent in this place.
 D = Time resting spent in this place.
 E = Time spent auto-exploring this place.
 F = Levels seen in this place.
 G = Mean time per level.
                   A        B        C        D        E       F      G
               +--------+--------+--------+--------+--------+-----+--------+
         Total |    417 |    417 |      0 |     19 |    243 |   2 |  208.5 |
       Dungeon |    417 |    417 |      0 |     19 |    243 |   2 |  208.5 |
               +--------+--------+--------+--------+--------+-----+--------+

Top non-repeatable levels by time:
     D:5: 286 daAuts
     D:4: 131 daAuts
